 Dungeon Crawl Stone Soup version 0.29-a0-25-g7f48f510a0 (webtiles) character file.

Game seed: 14566329018046140985

71635 freelancePsychic the Fighter (level 15, -3/127 HPs)
             Began as a Formicid Earth Elementalist on Feb 1, 2022.
             Was the Champion of Vehumet.
             Slain by a very large slime creature (49 damage)
             ... on level 13 of the Dungeon.
             The game lasted 00:48:30 (29076 turns).

freelancePsychic the Fighter (FoEE)                Turns: 29076, Time: 00:48:30

Health: -3/127     AC: 15    Str: 15    XL:     15   Next: 83%
Magic:  27/30      EV: 12    Int: 22    God:    Vehumet [******]
Gold:   831        SH: 18    Dex: 11    Spells: 32/36 levels left

rFire   + + +      SeeInvis +   a - +7 great mace "Firestarter" {inner flame, rF++}
rCold   . . .      Faith    .   T - +2 kite shield
rNeg    . . .      Spirit   .   t - +0 acid dragon scales
rPois   .          Reflect  +   (helmet unavailable)
rElec   .          Harm     .   S - +1 cloak {Will+}
rCorr   +          Rampage  .   N - +0 pair of gloves
Will    ++...                   I - +1 pair of boots
Stlth   ++........              j - amulet of reflection
HPRegen 0.31/turn               m - ring of the Establishment {Wiz Str+2}
MPRegen 0.22/turn               E - ring of protection from fire

@: no status effects
A: permanent stasis, dig shafts and tunnels, antennae 3, four strong arms
a: Dig, Shaft Self, Renounce Religion


You were on level 13 of the Dungeon.
You worshipped Vehumet.
Vehumet was exalted by your worship.
You visited 3 branches of the dungeon, and saw 20 of its levels.

You collected 1231 gold pieces.
You spent 400 gold pieces at shops.

Inventory:

Hand Weapons
 a - the +7 great mace "Firestarter" (weapon) {inner flame, rF++}
   (You found it on level 12 of the Dungeon)

   It burns those it strikes, dealing additional fire damage.
   It fills those it strikes with an explosive inner flame.
   It grants immunity to clouds of flame.
   rF:        It greatly protects you from fire.
 g - a +0 dagger
Missiles
 c - 143 stones
 p - a throwing net
Armour
 t - +0 acid dragon scales (worn)
 v - a +1 robe of the Archmagi
 D - a +0 cloak
 I - a +1 pair of boots (worn)
 N - a +0 pair of gloves (worn)
 S - a +1 cloak of willpower (worn)
 T - a +2 kite shield (worn)
Magical Staves
 b - a staff of earth
 h - a staff of conjuration
Jewellery
 j - an amulet of reflection (around neck)
 m - the ring of the Establishment (left hand) {Wiz Str+2}
   (You found it on level 4 of the Dungeon)

   [ring of wizardry]

   It improves your spell success rate.
   Str:       It affects your strength (+2).
 x - a ring of wizardry
 y - a ring of fire
 C - a ring of resist corrosion
 E - a ring of protection from fire (right hand)
 J - a ring of positive energy
 M - a ring of flight
 P - a ring of protection from fire
Wands
 u - a wand of flame (6)
 w - a wand of acid (12)
 F - a wand of iceblast (13)
 L - a wand of paralysis (7)
Scrolls
 d - 4 scrolls of identify {@r1}
 e - a scroll of vulnerability
 i - a scroll of fear
 n - a scroll of immolation {unknown}
 r - 5 scrolls of enchant weapon
 B - a scroll of amnesia
 G - 2 scrolls of brand weapon
 H - a scroll of fog
 Q - a scroll of holy word {unknown}
 R - a scroll of acquirement {unknown}
Potions
 f - 6 potions of curing {@q1}
 k - 4 potions of mutation {unknown}
 l - 4 potions of haste {unknown}
 o - 5 potions of attraction
 q - 2 potions of ambrosia
 s - 2 potions of heal wounds {@q2}
 z - 4 potions of might {unknown}
 A - 3 potions of flight {unknown}
 K - 2 potions of lignification {unknown}
 O - a potion of berserk rage {unknown}


   Skills:
 + Level 14.5 Fighting
 * Level 3.8(5.4) Maces & Flails
 - Level 6.0(6.5) Staves
 - Level 10.9 Armour
 - Level 5.1 Dodging
 - Level 2.4 Stealth
 - Level 10.6 Shields
 - Level 11.1 Spellcasting
 - Level 7.8 Conjurations
 - Level 1.1 Transmutations
 - Level 11.0 Earth Magic
 - Level 7.1 Evocations


You had 32 spell levels left.
You knew the following spells:

 Your Spells              Type           Power      Damage    Failure   Level
a - Sandblast             Erth           100%       2d20      1%          1
b - Stone Arrow           Conj/Erth      100%       3d13      1%          3

Your spell library contained the following spells:

 Spells                   Type           Power      Damage    Failure   Level
 Fireball                 Conj/Fire      14%        3d8       8%          5
 Magic Dart               Conj           100%       1d8       1%          1
 Passwall                 Tmut/Erth      31%        N/A       1%          2
 Dazzling Flash           Conj/Hex       58%        N/A       1%          3
 Mephitic Cloud           Conj/Pois/Air  23%        N/A       1%          3
 Iskenderun's Mystic Bla  Conj/Tloc      29%        2d7       3%          4
 Petrify                  Tmut/Erth      38%        N/A       4%          4
 Call Imp                 Summ           12%        N/A       8%          2
 Ensorcelled Hibernation  Hex/Ice        24%        N/A       8%          2
 Spider Form              Tmut/Pois      14%        N/A       12%         3
 Ozocubu's Armour         Ice            12%        N/A       16%         3
 Portal Projectile        Hex/Tloc       24%        N/A       16%         3
 Starburst                Conj/Fire      14%        6d6       34%         6
 Anguish                  Hex/Necr       6%         N/A       43%         4
 Animate Dead             Necr           6%         N/A       43%         4
 Blade Hands              Tmut           8%         N/A       63%         5
 Excruciating Wounds      Necr           6%         N/A       77%         5
 Ozocubu's Refrigeration  Ice            6%         4d6       99%         7
 Haunt                    Necr/Summ      6%         N/A       100%        7
 Infestation              Necr           6%         N/A       100%        8


Dungeon Overview and Level Annotations

Branches:
Dungeon (13/15)            Temple (1/1) D:5            Lair (6/6) D:10
  Swamp (0/4) Lair:2        Snake (0/4) Lair:2        Slime (0/5) Lair:6
    Orc (0/2) D:11         Vaults (0/5) D:13

Altars:
Ashenzari
Cheibriados
Dithmenos
Elyvilon
Fedhas
Gozag
Hepliaklqana
Kikubaaqudgha
Makhleb
Nemelex Xobeh
Okawaru
Qazlal
Ru
Sif Muna
Trog
Uskayaw
Vehumet
Wu Jian
Xom
Yredelemnul
Zin
The Shining One
Jiyva

Shops:
D:10 !   D:11 *

Portals:
Trove: D:11 (give 7 scrolls of fog)

Annotations:
D:3 Natasha
D:6 2 transporters, AuraOfTheDawn's ghost, novice MiFi; Maggie
D:9 2 transporters, rogsnak's ghost, novice DsAE


Innate Abilities, Weirdness & Mutations

You cannot be hasted, slowed, berserked, paralysed or teleported.
You can dig through walls and to a lower floor.
You have a pair of large antennae on your head. (SInv)
Your four strong arms can wield two-handed weapons with a shield.


Message History

The slime creature is lightly wounded.
The slime creature is engulfed in blazing flames.
Flame seeps out of the slime creature.
You block the slime creature's attack.
The slime creature is engulfed in blazing flames.
You block the slime creature's attack. The slime creature closely misses you.
The slime creature is engulfed in blazing flames.
Flame seeps out of the slime creature.
The slime creature completely misses you.
The slime creature is engulfed in blazing flames. x2
Flame seeps out of the slime creature.
The slime creature is engulfed in blazing flames.
Flame seeps out of the slime creature.
There is an open door here.
The slime creature is engulfed in blazing flames. x2
Two slime creatures merge to form a large slime creature.
The green ugly thing is engulfed in blazing flames.
The slime creature is engulfed in blazing flames.
Flame seeps out of the slime creature.
Two slime creatures merge to form a very large slime creature.
You bludgeon the very large slime creature!!
Flame seeps out of the very large slime creature.
You burn the very large slime creature.
Flame seeps out of the very large slime creature.
The very large slime creature is severely wounded.
The very large slime creature's inner flame fades away.
The green ugly thing is engulfed in blazing flames.
The very large slime creature is engulfed in blazing flames.
The very large slime creature hits you!!!
The very large slime creature is engulfed in blazing flames.
The green ugly thing is engulfed in blazing flames.
There is an open door here.
Casting: Stone Arrow (safe; 1% risk of failure)
Confirm with . or Enter, or press ? or * to list all spells.
Aiming: Stone Arrow (safe; 1% risk of failure)
Press: ? - help, Shift-Dir - straight line, f - very large slime creature
Aim: a very large slime creature (almost dead, 95% to hit)
The stone arrow hits the very large slime creature!
The very large slime creature is almost dead.
The very large slime creature hits you!!!
You die...

########### ###### #.........#
#....# #.........# ###########
##.##.####.........####........[.
>........'...)..@Ju'..'..........
.#....####.........####..........
.###..# #)........# #..........
.###..####.........# #..........
...^....##.........# #..........
........##.........# #..(.......
#####...##.........# #.#########
#...#...############ #.# ..#
#...# #.


You could see a green ugly thing and a very large slime creature.

Vanquished Creatures
  Nessos (Lair:5)
  7 vault guards
  4 catoblepae
  Erolcha (D:13)
  An anaconda (Lair:6)
  11 hydras
  2 boulder beetles
  A centaur warrior (D:13)
  5 two-headed ogres
  7 death yaks (Lair:6)
  A flayed ghost (D:12)
  A deep elf pyromancer (D:12)
  3 manticores
  An ugly thing (D:11)
  5 elephants
  A torpor snail (Lair:2)
  2 gargoyles
  7 black mambas
  26 cane toads
  3 rime drakes
  9 komodo dragons
  A tengu conjurer (D:12)
  6 polar bears
  12 dream sheep
  A hornet (D:10)
  26 blink frogs
  3 slime creatures (D:13)
  A meliai zombie (D:11)
  2 shadows
  53 yaks
  5 wraiths
  4 wyverns
  2 basilisks
  16 fire bats
  Menkaure (D:6)
  4 nagas (Lair:2)
  3 acid dragons
  21 water moccasins
  A hell hound (D:10)
  3 orc warriors
  An ice beast (D:5)
  A black bear (Lair:5)
  10 wolves
  7 centaurs
  A phantom (D:5)
  A kobold brigand (D:8)
  A scorpion (D:4)
  14 bullfrogs
  2 gnoll sergeants (D:11)
  A water moccasin zombie (D:6)
  8 wights
  An electric eel (Lair:2)
  5 centaur zombies
  2 howler monkeys
  A crimson imp (D:6)
  2 lava snakes (D:10)
  2 bullfrog zombies
  3 hounds
  3 orc priests
  3 jellies
  A centaur skeleton (D:7)
  3 iguanas
  11 orc wizards
  8 hell rats
  9 adders
  15 gnolls
  2 shadow imps
  A white imp (D:5)
  3 adder skeletons (D:4)
  3 worms
  3 dart slugs (D:1)
  39 orcs
  A ball python (D:2)
  4 endoplasms
  5 giant cockroaches
  7 goblins
  6 hobgoblins
  2 jackals (D:4)
  9 kobolds
  6 quokkas
  79 bats
  4 frilled lizards
  3 rats
  3 fire vortices (D:10)
560 creatures vanquished.

Vanquished Creatures (others)
  53 fungi
  86 plants
139 creatures vanquished.

Grand Total: 699 creatures vanquished

Notes
Turn   | Place    | Note
-------+----------+-------------------------------------------
     0 | D:1      | freelancePsychic the Formicid Earth Elementalist began the
                  | quest for the Orb.
     0 | D:1      | Reached XP level 1. HP: 13/13 MP: 3/3
   261 | D:1      | Found a faded altar of an unknown god.
   284 | D:1      | Reached XP level 2. HP: 19/19 MP: 3/5
   938 | D:1      | Reached skill level 1 in Conjurations
  1099 | D:1      | Reached XP level 3. HP: 21/24 MP: 6/6
  1490 | D:1      | Learned a level 3 spell: Stone Arrow
  2114 | D:2      | Reached XP level 4. HP: 30/30 MP: 6/8
  2254 | D:2      | Found an ornate altar of the Wu Jian Council.
  2383 | D:3      | Found a shimmering blue altar of Sif Muna.
  2517 | D:3      | Noticed Natasha
  3149 | D:4      | Reached skill level 1 in Fighting
  3149 | D:4      | Reached XP level 5. HP: 25/37 MP: 4/9
  3393 | D:4      | Identified the ring of the Establishment {Wiz Str+2}
  3489 | D:4      | Reached skill level 5 in Earth Magic
  3908 | D:4      | Reached skill level 2 in Fighting
  3908 | D:4      | Reached XP level 6. HP: 44/44 MP: 6/10
  4510 | D:4      | Found a hide-covered altar of Uskayaw.
  4660 | D:5      | Entered Level 5 of the Dungeon
  4739 | D:4      | Reached skill level 3 in Fighting
  4739 | D:4      | Reached XP level 7. HP: 38/52 MP: 9/11
  5112 | D:5      | Reached skill level 1 in Shields
  5211 | D:5      | Found a staircase to the Ecumenical Temple.
  5220 | Temple   | Entered the Ecumenical Temple
  5296 | Temple   | Became a worshipper of Vehumet
  5926 | D:6      | Reached XP level 8. HP: 60/60 MP: 6/13
  5979 | D:6      | Found a transporter.
  5999 | D:6      | Noticed AuraOfTheDawn's ghost (novice MiFi)
  6224 | D:6      | Noticed Menkaure
  6226 | D:6      | Killed Menkaure
  6291 | D:6      | Found a shimmering altar of Xom.
  6416 | D:6      | Found a burning altar of Makhleb.
  6455 | D:6      | Found a transporter.
  6523 | D:6      | Found a white marble altar of Elyvilon.
  6611 | D:6      | Noticed Maggie
  7268 | D:7      | Reached skill level 5 in Conjurations
  7268 | D:7      | Reached XP level 9. HP: 60/65 MP: 0/15
  7445 | D:7      | Reached skill level 5 in Shields
  7445 | D:7      | Reached * piety under Vehumet
  7445 | D:7      | Offered knowledge of Foxfire by Vehumet.
  7839 | D:7      | Found a hazy altar of Hepliaklqana.
  7839 | D:7      | Found a sparkling altar of Nemelex Xobeh.
  7974 | D:7      | Found an opulent altar of Gozag.
  8776 | D:8      | Reached skill level 4 in Fighting
  8938 | D:8      | Offered knowledge of Poisonous Vapours by Vehumet.
  9303 | D:9      | Noticed a two-headed ogre
  9390 | D:9      | Noticed a two-headed ogre
  9456 | D:8      | Reached ** piety under Vehumet
  9581 | D:9      | Killed a two-headed ogre
  9582 | D:9      | Reached XP level 10. HP: 50/73 MP: 5/17
  9788 | D:9      | Found a transporter.
  9794 | D:9      | Found a transporter.
  9796 | D:9      | Noticed rogsnak's ghost (novice DsAE)
  9806 | D:9      | Reached skill level 5 in Fighting
  9984 | D:9      | Reached skill level 5 in Spellcasting
 10114 | D:9      | Killed a two-headed ogre
 10314 | D:9      | Reached skill level 10 in Earth Magic
 10368 | D:9      | Reached skill level 6 in Fighting
 10478 | D:9      | Found a shadowy altar of Dithmenos.
 10722 | D:10     | Entered Level 10 of the Dungeon
 10751 | D:10     | Noticed a two-headed ogre
 10754 | D:10     | Killed a two-headed ogre
 10755 | D:10     | Reached skill level 1 in Evocations
 10845 | D:10     | Reached XP level 11. HP: 75/83 MP: 5/18
 11145 | D:10     | Reached skill level 7 in Fighting
 11477 | D:10     | Found a staircase to the Lair.
 11518 | D:10     | Offered knowledge of Ignite Poison by Vehumet.
 11845 | D:10     | Noticed a two-headed ogre
 11850 | D:10     | Found Izecasel's Distillery.
 11858 | D:10     | Bought a potion of brilliance for 64 gold pieces
 11858 | D:10     | Bought a potion of heal wounds for 80 gold pieces
 11858 | D:10     | Bought 2 potions of invisibility for 256 gold pieces
 12268 | D:11     | Reached skill level 1 in Armour
 12390 | D:11     | Reached *** piety under Vehumet
 12996 | D:11     | Found a staircase to the Orcish Mines.
 13056 | D:11     | Found a portal to a secret trove of treasure.
 13101 | D:11     | Reached skill level 8 in Fighting
 13101 | D:11     | Offered knowledge of Fulminant Prism by Vehumet.
 13399 | D:11     | Found Cuat's Overcharged Wands.
 13563 | D:11     | Noticed a purple ugly thing
 13571 | D:11     | Killed a purple ugly thing
 13739 | D:11     | Noticed a five-headed hydra
 13746 | D:11     | Killed a five-headed hydra
 13817 | D:11     | Noticed a two-headed ogre
 13821 | D:11     | Killed a two-headed ogre
 13848 | Lair:1   | Entered Level 1 of the Lair of Beasts
 13946 | Lair:1   | Noticed an eight-headed hydra
 13953 | Lair:1   | Killed an eight-headed hydra
 13954 | Lair:1   | Reached skill level 9 in Fighting
 13954 | Lair:1   | Reached XP level 12. HP: 95/95 MP: 6/19
 14158 | Lair:1   | Reached skill level 5 in Armour
 14162 | Lair:1   | Reached skill level 10 in Shields
 14191 | Lair:1   | Reached skill level 1 in Staves
 15463 | Lair:1   | Reached **** piety under Vehumet
 15657 | Lair:1   | Reached skill level 10 in Fighting
 15659 | Lair:1   | Offered knowledge of Inner Flame by Vehumet.
 16431 | Lair:2   | Found a staircase to the Swamp.
 16487 | Lair:2   | Reached XP level 13. HP: 104/104 MP: 11/22
 17163 | Lair:2   | Reached skill level 5 in Staves
 17186 | Lair:2   | Found a staircase to the Snake Pit.
 17431 | Lair:1   | Reached skill level 11 in Fighting
 19034 | Lair:3   | Reached skill level 5 in Dodging
 19180 | Lair:3   | Noticed a seven-headed hydra
 19185 | Lair:3   | Killed a seven-headed hydra
 19374 | Lair:3   | Noticed a boulder beetle
 19383 | Lair:3   | Killed a boulder beetle
 19964 | Lair:4   | Noticed a catoblepas
 19977 | Lair:4   | Killed a catoblepas
 20793 | Lair:4   | Noticed a seven-headed hydra
 20945 | Lair:4   | Killed a seven-headed hydra
 21050 | Lair:4   | Reached ***** piety under Vehumet
 21153 | Lair:4   | Identified the +7 fustibalus "Piommo" {vorpal, Dex+3}
 21167 | Lair:4   | Offered knowledge of Airstrike by Vehumet.
 21168 | Lair:4   | Reached XP level 14. HP: 114/114 MP: 21/26
 21175 | Lair:4   | Reached skill level 5 in Evocations
 21456 | Lair:4   | Reached skill level 12 in Fighting
 22711 | Lair:5   | Noticed Nessos
 22723 | Lair:5   | Killed Nessos
 23598 | Lair:6   | Entered Level 6 of the Lair of Beasts
 23598 | Lair:6   | Found a staircase to the Slime Pits.
 23598 | Lair:6   | Found a viscous altar of Jiyva.
 24320 | Lair:6   | Reached skill level 13 in Fighting
 24502 | Lair:6   | Reached XP level 15. HP: 55/124 MP: 8/28
 24813 | Lair:6   | Reached skill level 10 in Spellcasting
 25222 | Lair:6   | Reached skill level 10 in Armour
 26188 | Lair:6   | Identified the +1 crystal plate armour of the Wheelwright
                  | {+Blink Int+3 Dex-3}
 26775 | D:12     | Reached skill level 14 in Fighting
 27572 | D:12     | Found a shimmering altar of Xom.
 27584 | D:12     | Reached ****** piety under Vehumet
 27651 | D:12     | Found a runed translucent door.
 27682 | D:12     | Found a shimmering altar of Xom.
 27688 | D:12     | Found a glowing silver altar of Zin.
 27778 | D:12     | Found a shimmering altar of Xom.
 27789 | D:12     | Found a broken altar of Ashenzari.
 27789 | D:12     | Found a white marble altar of Elyvilon.
 28042 | D:12     | Found a basalt altar of Yredelemnul.
 28243 | D:12     | Found the +7 great mace "Firestarter" {inner flame, rF++}
 28380 | D:13     | Found a gate to the Vaults.
 28388 | D:13     | Reached skill level 1 in Maces & Flails
 28393 | D:13     | Offered knowledge of Fireball by Vehumet.
 28930 | D:13     | Noticed Erolcha
 28940 | D:13     | Killed Erolcha
 29076 | D:13     | Slain by a very large slime creature

Illustrated notes

Levels and vault maps discovered:
D:1:      nicolae_arrival_somewhat_less_tricky_arrival, layout_loops_corners,
          dreamdust_ecumenical_altar_grove
D:2:      layout_basic, basic_altar
D:3:      layout_loops_ring, mainiacjoe_overflow_chevrons, chequers_garden,
          grunt_decor_one_mirror, uniq_natasha
D:4:      layout_loops_ring, nicolae_uskayaw_dance_hall
D:5:      layout_cave_pools, minmay_temple_entry_arrows
D:6:      layout_rooms, elyvilon_altar_5,
          grunt_temple_overflow_champion_of_chaos, gammafunk_ghost_stat_death,
          hangedman_abyss_or_decor_stagger, uniq_maggie, uniq_menkaure
D:7:      layout_loops_cross, gammafunk_temple_overflow_statue,
          old_standard_altar, minmay_misc_feat_nine_boxes
D:8:      layout_basic, chequers_decorated_corner, nicolae_fountain_basement
D:9:      layout_layer_cave, nicolae_dithmenos_shadow_blocks,
          gammafunk_ghost_hive
D:10:     layout_irregular_city, lair_entry_dummy, nicolae_stop_n_shop_1,
          hangedman_incinerator
D:11:     layout_basic, hiddenorc1_lemuel, nicolae_trove_entry_isolated,
          nicolae_shop_overcharged_wands
D:12:     due_megacathedral, layout_long_grid, lemuel_zombie_altar_yredelemnul
D:13:     wander_river, layout_basic, erik_vaults_2, uniq_erolcha
Temple:   dshaligram_water_room_temple
Lair:1:   layout_loops_ring
Lair:2:   layout_regular_city, swamp_mist, minmay_snake_entry_guardpost_small,
          infiniplex_staircase_pool
Lair:3:   layout_chaotic_city, minivault_23, nzn_sisyphean_effort,
          serial_bayou_shore_b, grunt_megastairs_1
Lair:4:   nzn_winding_woodlands_huge [nzn_winding_woodlands_5x15_sawtooth,
          nzn_winding_woodlands_5x15_garden, nzn_winding_woodlands_5x15_zeroes,
          nzn_winding_woodlands_5x15_longhouse,
          nzn_winding_woodlands_5x15_crooked, nzn_winding_woodlands_5x15_jagged,
          nzn_winding_woodlands_5x15_lazy_stream,
          nzn_winding_woodlands_5x15_pockets, nzn_winding_woodlands_5x15_cabin,
          nzn_winding_woodlands_5x15_concentric,
          nzn_winding_woodlands_center_diamonds,
          nzn_winding_woodlands_center_lodge,
          nzn_winding_woodlands_15x15_thick_spiral], layout_small_grid,
          beast_lair_carwin_2
Lair:5:   layout_loops_ring, uniq_nessos
Lair:6:   evilmike_catoblepas_cave, layout_misc_corridors, slime_altar_1,
          serial_bayou_shore_a

Skill      XL: |  1  2  3  4  5  6  7  8  9 10 11 12 13 14 15 |
---------------+----------------------------------------------+-----
Earth Magic    | 4 5 6 7 9 10 11 | 11.0
Conjurations   | 1 2 3 5 6 7 |  7.8
Spellcasting   | 3 4 5 6 8 9 11 | 11.1
Fighting       | 1 2 3 4 6 9 10 11 13 14 | 14.5
Shields        | 2 4 6 8 9 10 | 10.6
Evocations     | 1 3 4 7 |  7.1
Armour         | 4 6 7 9 10 | 10.9
Staves         | 4 6 |  6.0
Dodging        | 3 5 |  5.1
Maces & Flails | 3 |  3.8
Stealth        | |  2.4
Transmutations | |  1.1

Action                   |  1- 3 |  4- 6 |  7- 9 | 10-12 | 13-15 || total
-------------------------+-------+-------+-------+-------+-------++-------
Melee: Dagger            |    39 |       |       |       |       ||    39
       Unarmed           |     9 |       |       |       |       ||     9
       Staff             |    24 |    21 |    58 |   123 |   349 ||   575
       Punch             |     1 |       |     2 |       |       ||     3
       Great mace        |       |       |       |       |    23 ||    23
 Cast: Sandblast         |    24 |    36 |    41 |    85 |    69 ||   255
       Stone Arrow       |       |    15 |    71 |   174 |   487 ||   747
 Abil: Dig               |       |       |       |       |     3 ||     3
Evoke: Wand              |       |       |       |     2 |    23 ||    25
  Use: Scroll            |       |     1 |     6 |     4 |     5 ||    16
       Potion            |       |       |     1 |     1 |     3 ||     5
 Stab: Sleeping          |     2 |     2 |       |       |       ||     4
       Invisible         |       |       |       |       |     4 ||     4
       Petrifying        |       |       |       |       |     1 ||     1
Armor: Robe              |    28 |       |       |       |       ||    28
       Ring mail         |       |    12 |    34 |    68 |     3 ||   117
       Acid dragon scale |       |       |       |       |   154 ||   154
Dodge: Dodged            |    70 |    18 |    31 |    72 |   238 ||   429
Block: Kite shield       |       |       |    37 |   121 |   657 ||   815
       Reflection        |       |       |       |       |     4 ||     4

Table legend: (Time is in decaauts)
 A = Elapsed time spent in this place.
 B = Non-inter-level travel time spent in this place.
 C = Inter-level travel time spent in this place.
 D = Time resting spent in this place.
 E = Time spent auto-exploring this place.
 F = Levels seen in this place.
 G = Mean time per level.
                   A        B        C        D        E       F      G
               +--------+--------+--------+--------+--------+-----+--------+
         Total |  29187 |  28103 |   1084 |   2662 |  21433 |  20 | 1459.3 |
       Dungeon |  16485 |  15813 |    672 |   1078 |  12423 |  13 | 1268.1 |
        Temple |     92 |     77 |     15 |      0 |     60 |   1 |   92.0 |
          Lair |  12609 |  12213 |    396 |   1584 |   8950 |   6 | 2101.5 |
               +--------+--------+--------+--------+--------+-----+--------+

Top non-repeatable levels by time:
  Lair:1: 2818 daAuts
  Lair:4: 2365 daAuts
    D:12: 2257 daAuts
  Lair:6: 2085 daAuts
    D:11: 1942 daAuts
  Lair:3: 1817 daAuts
  Lair:2: 1816 daAuts
  Lair:5: 1705 daAuts
     D:1: 1551 daAuts
     D:4: 1480 daAuts
    D:10: 1376 daAuts
     D:8: 1265 daAuts
     D:9: 1220 daAuts
     D:7: 1171 daAuts
     D:6: 1162 daAuts
